 Dungeon Crawl Stone Soup version 0.29-a0-92-gee772dd00f (webtiles) character file.

Game seed: 12170443561211897434

95 enile the Stinger (level 4, -3/31 HPs)
             Began as an Octopode Venom Mage on Feb 9, 2022.
             Was a Believer of Wu Jian.
             Shot with a stone by a goblin (4 damage)
             ... led by Robin
             ... on level 2 of the Dungeon.
             The game lasted 00:05:02 (2533 turns).

enile the Stinger (Octopode Venom Mage)             Turns: 2533, Time: 00:05:02

Health: -3/31      AC:  1    Str:  7    XL:     4   Next: 65%
Magic:  7/7        EV: 13    Int: 19    God:    Wu Jian [**....]
Gold:   19         SH:  0    Dex: 12    Spells: 4/7 levels left

rFire   . . .      SeeInvis .   l - +5 dagger
rCold   . . .      Faith    .   (no shield)
rNeg    . . .      Spirit   .   (helmet restricted)
rPois   .          Reflect  .   (no amulet)
rElec   .          Harm     .   k - ring of resist corrosion
rCorr   +          Rampage  .   (no ring)
Will    .....                   (no ring)
Stlth   +++.......              (no ring)
HPRegen 0.10/turn               (no ring)
MPRegen 0.10/turn               (no ring)
                                (no ring)
                                (no ring)

@: no status effects
A: almost no armour, amphibious, 8 rings, camouflage 1, gelatinous body 1,
(nimble swimmer 1), tentacles
a: Renounce Religion, Wall Jump


You were on level 2 of the Dungeon.
You worshipped Wu Jian.
Wu Jian was pleased with you.
You visited 1 branch of the dungeon, and saw 2 of its levels.

You collected 57 gold pieces.
You spent 38 gold pieces at shops.

Inventory:

Hand Weapons
 d - a +0 dagger
 g - a +2 dagger of draining
 l - a +5 dagger (weapon)
Jewellery
 k - a ring of resist corrosion (left tentacle)


   Skills:
 - Level 3.0 Fighting
 + Level 0.7 Short Blades
 - Level 3.0 Dodging
 - Level 2.6 Stealth
 - Level 2.0 Spellcasting
 - Level 1.0 Transmutations
 - Level 4.0 Poison Magic


You had 4 spell levels left.
You knew the following spells:

 Your Spells              Type           Power      Damage    Failure   Level
a - Sting                 Tmut/Pois      44%        1d5       6%          1
b - Poisonous Vapours     Pois/Air       18%        N/A       11%         2

Your spell library contained the following spells:

 Spells                   Type           Power      Damage    Failure   Level
 Pain                     Necr           4%         1d4       17%         1
 Mephitic Cloud           Conj/Pois/Air  6%         N/A       30%         3
 Olgreb's Toxic Radiance  Pois           17%        N/A       32%         4
 Agony                    Necr           1%         N/A       99%         5
 Excruciating Wounds      Necr           0%         N/A       99%         5


Dungeon Overview and Level Annotations

Branches:
Dungeon (2/15)

Altars:
Wu Jian

Shops:
D:1 *

Annotations:
D:2 Robin


Innate Abilities, Weirdness & Mutations

You cannot wear most types of armour.
You are amphibious.
You can wear up to eight rings at the same time.
Your skin changes colour to match your surroundings (Stealth+).
Your rubbery body absorbs attacks. (AC +1, EV +1)
((You are camouflaged when in or above water. (Stealth+)))
You have tentacles for arms and can constrict up to eight enemies at once.


Message History

Robin roars a battlecry!
The goblins go into a battle-frenzy!
The goblin hits you with a +0 dagger.
You puncture the goblin!
You kill the goblin!
The Council accepts your kill. The goblin hits you with a +0 dagger.
Okay, then.
Robin throws the goblin at you! The goblin hits you but does no damage.
The goblin unwields a +0 dagger.
The goblin wields a +0 hunting sling.
The goblin shoots a stone.
The stone hits you.
* * * LOW HITPOINT WARNING * * *
Things that are here:
a +0 club; a goblin corpse You spin and attack the goblin.
You hit the goblin. You grab the goblin.
The goblin is severely wounded.
You constrict the goblin.
You kill the goblin!
The Council accepts your kill.
The goblin no longer looks unusually strong. x2
Robin throws the goblin at you!
* * * LOW HITPOINT WARNING * * *
The goblin shoots a stone.
The stone closely misses you.
The stone barely misses the goblin.
The goblin closely misses you.
As you read the scroll labelled BEORGH DEULIQ, it crumbles to dust.
Wisps of shadow whirl around you...
It was a scroll of summoning.
Robin roars a battlecry!
The goblins go into a battle-frenzy!
The goblin shoots a stone.
The stone misses your bat. x2; The stone hits you.
* * * LOW HITPOINT WARNING * * *
The goblin misses you.
You puncture the goblin!
You kill the goblin!
The Council accepts your kill.
You can now perform airborne attacks.
The goblin no longer looks unusually strong. x2
Your bat hits the goblin. Robin throws the goblin at you!
* * * LOW HITPOINT WARNING * * *
The goblin shoots a stone.
The stone closely misses your bat. The stone hits you.
You die...

. #..# #.......
#..### ##......
#....## ##.....
###.##..####....)
#.................
#.....###..#......
#....# ##(.......
##gJ.# ##....#....
#. ##@)## #..#### ..
#. #bb## #.## #.
#.## ###.# #.
##g#####...#
######.##)gg.....###
g....g.#g.g#######
.....g.........#
...............#
>..............#


You could see Robin, a hobgoblin (strong), 3 goblins, a friendly endoplasm
(summoned) and 2 friendly bats.

Vanquished Creatures
  Natasha (D:1)
  2 worms
  2 dart slugs
  3 ball pythons (D:1)
  7 bats
  4 endoplasms (D:1)
  2 giant cockroaches (D:1)
  12 goblins
  7 hobgoblins
  4 jackals (D:1)
  2 frilled lizards (D:1)
  5 kobolds (D:1)
  2 rats
53 creatures vanquished.

Notes
Turn   | Place    | Note
-------+----------+-------------------------------------------
     0 | D:1      | enile the Octopode Venom Mage began the quest for the Orb.
     0 | D:1      | Reached XP level 1. HP: 11/11 MP: 3/3
    97 | D:1      | Reached skill level 1 in Fighting
   234 | D:1      | Reached XP level 2. HP: 18/18 MP: 3/5
   517 | D:1      | Learned a level 2 spell: Poisonous Vapours
   546 | D:1      | Reached skill level 4 in Poison Magic
   712 | D:1      | Found Lyakun's Assorted Antiques.
   731 | D:1      | Bought a scroll labelled BOZXAA SESOONI for 19 gold pieces
   731 | D:1      | Bought a scroll labelled PEMMUSCH RUXUCE for 19 gold pieces
   768 | D:1      | Reached XP level 3. HP: 24/24 MP: 4/6
   910 | D:1      | Found a faded altar of an unknown god.
   918 | D:1      | Prayed at the altar of an unknown god.
   918 | D:1      | Became a worshipper of the Wu Jian Council
   918 | D:1      | Reached * piety under Wu Jian
  1819 | D:2      | Noticed Natasha
  2058 | D:1      | Killed Natasha
  2059 | D:1      | Reached XP level 4. HP: 5/31 MP: 7/7
  2512 | D:2      | Noticed Robin
  2533 | D:2      | Reached ** piety under Wu Jian
  2533 | D:2      | HP: 1/31 [Robin/goblin (2)]
  2533 | D:2      | Shot with a stone by a goblin

Illustrated notes

Levels and vault maps discovered:
D:1:      tarquinn_simple_flora_water_d, layout_loops_ring,
          hellmonk_ecumenical_altar_run_dry, serial_shops, shop,
          roderic_lattice_a, minmay_tetromino_t4
D:2:      layout_rooms, serial_glass, glass_columns_b, glass_columns_a,
          uniq_jessica, uniq_natasha, uniq_robin

Skill      XL: |  1  2  3  4 |
---------------+-------------+-----
Fighting       | 1 2 3 |  3.0
Poison Magic   | 4 |  4.0
Dodging        | 3 |  3.0
Short Blades   | |  0.7
Stealth        | |  2.6
Spellcasting   | |  2.0
Transmutations | |  1.0

Action                   |  1- 3 |  4- 6 || total
-------------------------+-------+-------++-------
Melee: Unarmed           |    37 |       ||    37
       Constrict         |    11 |     6 ||    17
       Tentacles         |    10 |     2 ||    12
       Dagger            |    15 |    18 ||    33
       Punch             |     2 |       ||     2
 Cast: Sting             |    37 |     2 ||    39
       Poisonous Vapours |    13 |     3 ||    16
Invok: Whirlwind         |     2 |     2 ||     4
       Lunge             |     2 |     1 ||     3
  Use: Scroll            |     6 |     1 ||     7
       Potion            |     1 |       ||     1
Armor: Skin              |     6 |     2 ||     8
Dodge: Dodged            |    60 |    12 ||    72

Table legend: (Time is in decaauts)
 A = Elapsed time spent in this place.
 B = Non-inter-level travel time spent in this place.
 C = Inter-level travel time spent in this place.
 D = Time resting spent in this place.
 E = Time spent auto-exploring this place.
 F = Levels seen in this place.
 G = Mean time per level.
                   A        B        C        D        E       F      G
               +--------+--------+--------+--------+--------+-----+--------+
         Total |   2547 |   2490 |     57 |    427 |   1722 |   2 | 1273.5 |
       Dungeon |   2547 |   2490 |     57 |    427 |   1722 |   2 | 1273.5 |
               +--------+--------+--------+--------+--------+-----+--------+

Top non-repeatable levels by time:
     D:1: 2317 daAuts
     D:2: 229 daAuts
